 Dungeon Crawl Stone Soup version 0.24.0-123-gd5b16e6ec5 (webtiles) character file.

Game seed: 5135049819343696841, levelgen mode: deterministic

259 Curus the Cleaver (level 5, -2/42 HPs)
             Began as a Minotaur Gladiator on Dec 20, 2019.
             Slain by a crocodile (11 damage)
             ... in a sewer.
             The game lasted 00:14:41 (1839 turns).

Curus the Cleaver (Minotaur Gladiator)              Turns: 1839, Time: 00:14:41

Health: -2/42      AC: 11    Str: 18      XL:     5   Next: 94%
Magic:  4/4        EV:  6    Int:  6      God:
Gold:   105        SH:  2    Dex: 11 (12) Spells: 4/4 levels left

rFire    . . .     SeeInvis .   a - +0 war axe
rCold    . . .     Gourm    .   (no shield)
rNeg     . . .     Faith    .   k - +0 plate armour
rPois    .         Spirit   .   c - +0 hat
rElec    .         Reflect  +   g - +0 cloak
rCorr    .         Harm     .   (no gloves)
MR       +....                  (no boots)
Stlth    ..........             j - +2 amulet of reflection
HPRegen  0.14/turn              l - ring of protection from magic
MPRegen  0.09/turn              (no ring)

@: no status effects
A: retaliatory headbutt, horns 2
a: no special abilities


You were in a sewer.
You were not hungry.

You visited 1 branch of the dungeon, and saw 3 of its levels.
You also visited: Sewer.

You collected 105 gold pieces.

Inventory:

Hand Weapons
 a - a +0 war axe (weapon)
 i - a cursed -1 hand axe
Missiles
 d - 3 throwing nets (quivered)
Armour
 b - a +0 leather armour
 c - a +0 hat (worn)
 e - a +0 ring mail
 g - a +0 cloak (worn)
 k - a +0 plate armour (worn)
Jewellery
 j - a +2 amulet of reflection (around neck)
 l - a ring of protection from magic (left hand)
Wands
 h - a wand of disintegration (10)
Scrolls
 n - a scroll of identify
 o - a scroll of fear
Potions
 m - a potion of flight
Comestibles
 f - 4 rations


   Skills:
 - Level 2.4 Fighting
 + Level 8.1 Axes
 - Level 2.0 Throwing
 - Level 3.2 Dodging


You had 4 spell levels left.
You didn't know any spells.
Your spell library was empty.

Dungeon Overview and Level Annotations

Branches:
Dungeon (3/15)              Sewer (1/1)

Altars:
Fedhas
Kikubaaqudgha
Sif Muna
Zin


Innate Abilities, Weirdness & Mutations

You reflexively headbutt those who attack you in melee.
You have a pair of horns on your head.


Message History

You headbutt the crocodile, but do no damage.
The crocodile bites you!
You closely miss the crocodile. Your headbutt misses the crocodile.
The crocodile bites you!
* * * LOW HITPOINT WARNING * * *
Your plate armour prevents you from hitting the crocodile.
The crocodile bites you but does no damage.
Evoke which item? (* to show all) (? for menu, Esc to quit)
Aiming: Disintegrate
Press: ? - help, Shift-Dir - straight line, f - crocodile
Aim: a crocodile (chance to defeat MR: 65%)
The crocodile is blasted!
You block the crocodile's attack.
Your plate armour prevents you from hitting the crocodile.
The crocodile is heavily wounded.
The crocodile bites you.
* * * LOW HITPOINT WARNING * * *
Your plate armour prevents you from hitting the crocodile.
The crocodile is heavily wounded.
The crocodile bites you!
You die...

######## ###......###
###..≈≈.≈≈...###
###.....####.....##.$#
##.≈.≈.### ###.@t.≈#
......## ##.≈≈.≈.#
##.....# .≈.≈.###
###.≈≈≈.# ....##≈?
###..≈.≈ ...### $#
##....≈.## # ######


You could see a crocodile.

Vanquished Creatures
  A quasit (D:3)
  An orc wizard (D:3)
  Crazy Yiuf (D:2)
  Jessica (D:2)
  5 adders
  2 worms (D:2)
  3 dart slugs
  5 leopard geckos
  8 orcs (D:3)
  5 bats
  5 giant cockroaches
  6 goblins
  10 hobgoblins
  2 jackals (Sewer)
  8 kobolds
  A quokka (D:2)
  5 frilled lizards
  9 rats
  A fungus (D:2)
79 creatures vanquished.

Notes
Turn   | Place    | Note
-------+----------+-------------------------------------------
     0 | D:1      | Curus the Minotaur Gladiator began the quest for the Orb.
     0 | D:1      | Reached XP level 1. HP: 18/18 MP: 0/0
    27 | D:1      | Reached skill level 4 in Axes
    67 | D:1      | Reached XP level 2. HP: 18/25 MP: 1/1
   361 | D:1      | Reached skill level 5 in Axes
   460 | D:1      | Reached XP level 3. HP: 23/30 MP: 2/2
   615 | D:2      | Noticed Jessica
   624 | D:2      | Killed Jessica
   655 | D:2      | Reached skill level 6 in Axes
   655 | D:2      | Reached XP level 4. HP: 29/37 MP: 3/3
   825 | D:2      | Found an ancient bone altar of Kikubaaqudgha.
  1117 | D:2      | Found a shimmering blue altar of Sif Muna.
  1367 | D:2      | Found a runed translucent door.
  1368 | D:2      | Noticed Crazy Yiuf
  1375 | D:2      | Killed Crazy Yiuf
  1491 | D:3      | Found a glowing silver altar of Zin.
  1502 | D:3      | Reached skill level 7 in Axes
  1502 | D:3      | Reached XP level 5. HP: 41/42 MP: 4/4
  1553 | D:3      | Found a blossoming altar of Fedhas.
  1707 | D:3      | Reached skill level 8 in Axes
  1740 | D:3      | Found a glowing drain.
  1772 | Sewer    | Entered a sewer
  1829 | Sewer    | Noticed a crocodile
  1839 | Sewer    | Slain by a crocodile

Levels and vault maps discovered:
D:1:      lemuel_arrival_rhombus, layout_rooms, hex_intersection,
          chequers_serial_rivers_micro_c, minmay_misc_feat_roman,
          minmay_misc_feat_five, minmay_tetromino_t4
D:2:      layout_loops_ring, led_sif_pool, nicolae_overflow_hidden_temple,
          minmay_bisected, uniq_jessica, uniq_crazy_yiuf_cottage
D:3:      layout_basic, lemuel_doored_altar, nicolae_overflow_crystal_walls,
          fedhas_ov_isle_minmay, portal_sewer_entry_f
Sewer:    sewer_the_crocodile

Skill      XL: |  1  2  3  4  5 |
---------------+----------------+-----
Axes           | 4 5 6 7 8 |  8.1
Fighting       | |  2.4
Throwing       | |  2.0
Dodging        | |  3.2

Action                   |  1- 3 |  4- 6 || total
-------------------------+-------+-------++-------
Melee: War axe           |    77 |   157 ||   234
       Headbutt          |     9 |    20 ||    29
Evoke: Wand              |       |     1 ||     1
  Use: Scroll            |     4 |     2 ||     6
       Potion            |     1 |     2 ||     3
 Stab: Sleeping          |     1 |       ||     1
  Eat: Chunk             |       |     3 ||     3
Armor: Leather armour    |    10 |       ||    10
       Ring mail         |     6 |       ||     6
       Plate armour      |       |   114 ||   114
Dodge: Dodged            |    41 |    45 ||    86
Block: Other             |     1 |    17 ||    18
       Reflection        |       |     1 ||     1
